 Dungeon Crawl Stone Soup version 0.28.0-45-g0d030f2227 (webtiles) character file.

Game seed: 8770746287202988185

708 zeratav the Insei (level 7, -9/46 HPs)
             Began as an Octopode Transmuter on Apr 7, 2022.
             Splashed by a jelly's acid (11 damage)
             ... on level 5 of the Dungeon.
             The game lasted 00:10:30 (5727 turns).

zeratav the Insei (Octopode Transmuter)             Turns: 5727, Time: 00:10:30

Health: -9/46      AC: -15   Str:  9    XL:     7   Next: 67%
Magic:  10/10      EV: 14    Int: 15    God:
Gold:   169        SH:  0    Dex: 15    Spells: 9/10 levels left

rFire   . . .      SeeInvis .   k - +2 dagger (protect) {short}
rCold   . . .      Faith    .   (no shield)
rNeg    . . .      Spirit   .   (helmet restricted)
rPois   .          Reflect  .   h - amulet of the acrobat
rElec   .          Harm     .   (no ring)
rCorr   .          Rampage  .   (no ring)
Will    .....                   (no ring)
Stlth   ++++......              (no ring)
HPRegen 0.15/turn               (no ring)
MPRegen 0.12/turn               (no ring)
                                (no ring)
                                (no ring)

@: corroded
A: almost no armour, amphibious, 8 rings, camouflage 1, gelatinous body 1,
(nimble swimmer 1), tentacles
a: no special abilities


You were on level 5 of the Dungeon.
You visited 1 branch of the dungeon, and saw 5 of its levels.

You collected 169 gold pieces.


Innate Abilities, Weirdness & Mutations

You cannot wear most types of armour.
You are amphibious.
You can wear up to eight rings at the same time.
Your skin changes colour to match your surroundings (Stealth+).
Your rubbery body absorbs attacks. (AC +1, EV +1)
((You are camouflaged when in or above water. (Stealth+)))
You have tentacles for arms and can constrict up to eight enemies at once.


   Skills:
 + Level 3.5 Fighting
 + Level 4.1 Dodging
 - Level 5.0 Stealth
 * Level 6.0 Unarmed Combat
 - Level 2.0 Spellcasting
 - Level 2.0 Transmutations


You had 9 spell levels left.
You knew the following spells:

 Your Spells              Type           Power      Damage    Failure   Level
a - Beastly Appendage     Tmut           14%        N/A       10%         1

Your spell library contained the following spells:

 Spells                   Type           Power      Damage    Failure   Level
 Wereblood                Tmut           7%         N/A       14%         2
 Animate Skeleton         Necr           2%         N/A       22%         1
 Pain                     Necr           4%         1d4       22%         1
 Corpse Rot               Necr/Air       2%         N/A       32%         2
 Poisonous Vapours        Pois/Air       2%         N/A       32%         2
 Spider Form              Tmut/Pois      4%         N/A       41%         3
 Ignite Poison            Fire/Tmut/Pois 3%         N/A       45%         3
 Conjure Flame            Conj/Fire      1%         6-21      54%         3
 Vampiric Draining        Necr           1%         2d6       54%         3
 Ice Form                 Ice/Tmut       4%         N/A       82%         4
 Sticky Flame             Conj/Fire      1%         2d3       91%         4

Inventory:

Hand Weapons
 k - a +2 dagger of protection (weapon) {short}
   (You took it off a goblin on level 3 of the Dungeon)
 q - a +2 trident of venom {polearm}
   (You found it on level 4 of the Dungeon)
Jewellery
 h - an amulet of the acrobat (around mantle)
   (You found it on level 3 of the Dungeon)
Wands
 n - a wand of polymorph (19)
   (You found it on level 4 of the Dungeon)
Scrolls
 a - 3 scrolls of teleportation {unknown}
 c - 2 scrolls of noise {unknown}
 d - 2 scrolls of enchant weapon {unknown}
 e - a scroll of enchant armour {unknown}
 f - a scroll of vulnerability {unknown}
 g - a scroll of fear {unknown}
 i - a scroll of immolation {unknown}
 m - a scroll of identify {unknown}
 o - a scroll of brand weapon {unknown}
 p - a scroll of fog {unknown}
 r - a scroll of blinking {unknown}
Potions
 b - a potion of lignification {!q}
 j - 3 potions of flight {unknown}

Dungeon Overview and Level Annotations

Branches:
Dungeon (5/15)             Temple (0/1) D:5

Altars:
Hepliaklqana

#........#
#.#...#..####
#...#.......#
##...#.J..##.###
..###..#.#.#........
.........###....#.###
##.#.[#...#...#....#
.(....#..J..#.....#
#..#####.@(#####..#
##. #...(.# .## #
#...#...# #
....###.... #...#
#..## #... .## #...
.# +).


You could see a jelly.


Message History

You hit the black bear but do no damage.
You tentacle-slap the black bear. You constrict the black bear.
The black bear barely misses you. The black bear closely misses you.
The black bear claws you.
You hit the black bear but do no damage.
You tentacle-slap the black bear. You constrict the black bear.
The black bear goes berserk!
You hit the black bear but do no damage.
You constrict the black bear. The black bear bites you!
The black bear claws you. x2; The black bear barely misses you.
The black bear claws you but does no damage.
The black bear completely misses you.
HP[-15]
You take 15 damage, and now have 28/46 hp.
MASSIVE DAMAGE!! (PAUSE)
You hit the black bear but do no damage.
You tentacle-slap the black bear.
You kill the black bear!
Training target 5.0 for Stealth reached!
Your Dodging skill increases to level 4!
Your Stealth skill increases to level 5!
Your Unarmed Combat skill increases to level 6!
l - 2 poisoned darts {throwing} (gained 1) HP[+1]
You start resting.
HP[+17]
Your hp is fully restored (46).
n - a wand of polymorph (19) (gained 12 charges)
r - a scroll labelled FORIECW PIUT
Found a staircase to the Ecumenical Temple.
A jelly comes into view.
You throw a poisoned dart {throwing}.
The poisoned dart {throwing} hits the jelly.
The jelly is poisoned.
The jelly quivers.
You throw a poisoned dart {throwing}.
The poisoned dart {throwing} hits the jelly.
Nothing quivered!
Nothing quivered!
Nothing quivered!
Nothing quivered!
Nothing quivered!
Nothing quivered!
The jelly looks more healthy.
The jelly closely misses you.
You hit the jelly.
Your weapon exudes an aura of protection.
The acid corrodes you!
Your tentacles burn!
You squeeze the jelly. The jelly completely misses you.
HP[-5]
You take 5 damage, and now have 41/46 hp.
You hit the jelly but do no damage. The acid corrodes you!
Your tentacles burn!
The jelly hits you.
You are splashed with acid!
HP[-13]
You take 13 damage, and now have 28/46 hp.
MASSIVE DAMAGE!! (PAUSE)
You hit the jelly. The acid corrodes you!
Your tentacles burn!
You squeeze the jelly, but do no damage.
The jelly misses you.
HP[-2]
You take 2 damage, and now have 26/46 hp.
You hit the jelly but do no damage.
Your tentacles burn!
* * * LOW HITPOINT WARNING * * *
You squeeze the jelly, but do no damage.
The jelly closely misses you.
You hit the jelly but do no damage.
Your tentacles burn!
* * * LOW HITPOINT WARNING * * *
The jelly barely misses you.
You hit the jelly.
Your tentacles burn!
* * * LOW HITPOINT WARNING * * *
You squeeze the jelly, but do no damage.
The jelly hits you.
* * * LOW HITPOINT WARNING * * *
You are splashed with acid!
* * * LOW HITPOINT WARNING * * *
You are too injured to fight recklessly!
You are too injured to fight recklessly!
You are too injured to fight recklessly!
HP[-20]
You take 20 damage, and now have 6/46 hp.
MASSIVE DAMAGE!! (PAUSE)
You are too injured to fight recklessly!
You are too injured to fight recklessly!
You are too injured to fight recklessly!
You are too injured to fight recklessly!
You are too injured to fight recklessly!
You are too injured to fight recklessly!
You hit the jelly but do no damage.
Your tentacles burn!
* * * LOW HITPOINT WARNING * * *
The jelly closely misses you.
HP[-3]
You take 3 damage, and now have 3/46 hp.
The jelly misses you.
The jelly jiggles.
HP[+1]
There is a staircase to the Ecumenical Temple here.
HP[+1]
The jelly hits you.
* * * LOW HITPOINT WARNING * * *
The acid corrodes you!
You are splashed with acid!
You die...

Skill      XL: |  1  2  3  4  5  6  7 |
---------------+----------------------+-----
Stealth        | 1 2 3 4 5 |  5.0
Fighting       | 2 3 |  3.5
Unarmed Combat | 4 5 6 |  6.0
Dodging        | 3 4 |  4.1
Spellcasting   | |  2.0
Transmutations | |  2.0

Action                   |  1- 3 |  4- 6 |  7- 9 || total
-------------------------+-------+-------+-------++-------
Melee: Unarmed           |    46 |     9 |       ||    55
       Kick              |    17 |    17 |       ||    34
       Constrict         |    12 |    34 |    12 ||    58
       Tentacles         |     7 |    26 |    14 ||    47
       Punch             |     2 |     4 |     5 ||    11
       Dagger            |       |   100 |    54 ||   154
Throw: Dart              |     3 |    32 |    25 ||    60
 Cast: Beastly Appendage |    22 |     9 |     1 ||    32
  Use: Potion            |       |     5 |       ||     5
 Stab: Sleeping          |     8 |     1 |     3 ||    12
Armor: Skin              |     5 |    18 |    13 ||    36
Dodge: Dodged            |    27 |    83 |    46 ||   156

Levels and vault maps discovered:
D:1:      dpeg_arrival_ternary, layout_loops_cross
D:2:      layout_basic, nicolae_ecumenical_oubliette, minivault_24, uniq_jessica
D:3:      layout_basic, uniq_robin
D:4:      wad_river_or_something, layout_basic
D:5:      minmay_chambers_of_fours, layout_loops_corners,
          mainiacjoe_overflow_concentric_impassable, minmay_temple_entry_arrows

Notes
Turn   | Place    | Note
-------+----------+-------------------------------------------
     0 | D:1      | zeratav the Octopode Transmuter began the quest for the
                  | Orb.
     0 | D:1      | Reached XP level 1. HP: 13/13 MP: 3/3
     0 | D:1      | magus.rc [v1.9.6]
   437 | D:1      | Reached XP level 2. HP: 15/18 MP: 3/5
   579 | D:1      | Reached skill level 1 in Stealth
  1472 | D:2      | Reached XP level 3. HP: 16/23 MP: 4/6
  1568 | D:2      | Found a faded altar of an unknown god.
  1647 | D:2      | Noticed Jessica
  1653 | D:2      | Killed Jessica
  1937 | D:2      | Reached skill level 2 in Stealth
  2417 | D:3      | Reached XP level 4. HP: 28/29 MP: 7/7
  2440 | D:3      | HP: 5/29 [poisoned by a goblin]
  2446 | D:3      | HP: 9/43 [poisoned by a goblin]
  2449 | D:3      | HP: 3/43 [poisoned by a goblin]
  2449 | D:3      | HP: 1/43 [goblin/+0 dagger[Robin] (2)]
  2703 | D:3      | You pick up a book of Vapours and begin reading...
  2703 | D:3      | You add the spells Poisonous Vapours and Corpse Rot to your
                  | library.
  2758 | D:3      | Noticed Robin
  2778 | D:3      | Killed Robin
  2785 | D:3      | Reached skill level 2 in Fighting
  2785 | D:3      | Reached skill level 4 in Unarmed Combat
  2941 | D:3      | Reached XP level 5. HP: 21/34 MP: 6/8
  2963 | D:3      | You add the spells Conjure Flame, Ignite Poison and Sticky
                  | Flame to your library.
  3548 | D:4      | Reached skill level 3 in Dodging
  3685 | D:4      | Noticed a black bear
  3699 | D:4      | HP: 8/34 [black bear (5)]
  3704 | D:4      | Killed a black bear
  3705 | D:4      | Reached skill level 3 in Stealth
  3705 | D:4      | Reached XP level 6. HP: 8/41 MP: 7/9
  4240 | D:4      | Reached skill level 4 in Stealth
  4240 | D:4      | Reached skill level 5 in Unarmed Combat
  4461 | D:4      | Reached skill level 3 in Fighting
  4517 | D:4      | Noticed a sky beast
  4534 | D:4      | Killed a sky beast
  4535 | D:4      | Reached XP level 7. HP: 37/46 MP: 10/10
  4704 | D:4      | You pick up a book of Necromancy and begin reading...
  4704 | D:4      | You add the spells Pain, Animate Skeleton and Vampiric
                  | Draining to your library.
  5346 | D:5      | Entered Level 5 of the Dungeon
  5470 | D:5      | Found a hazy altar of Hepliaklqana.
  5530 | D:5      | Reached skill level 4 in Dodging
  5530 | D:5      | Reached skill level 5 in Stealth
  5530 | D:5      | Reached skill level 6 in Unarmed Combat
  5702 | D:5      | Found a staircase to the Ecumenical Temple.
  5714 | D:5      | HP: 6/46 [acid (9)]
  5727 | D:5      | HP: 2/46 [jelly (3)]
  5727 | D:5      | Splashed by a jelly's acid

Vanquished Creatures
  A sky beast (D:4)
  2 black bears
  3 scorpions
  A hound (D:4)
  Jessica (D:2)
  An orc wizard (D:3)
  2 hound skeletons (D:4)
  Robin (D:3)
  4 adders (D:4)
  3 dart slugs
  12 orcs
  A ball python (D:2)
  4 bats
  10 endoplasms
  2 giant cockroaches
  15 goblins
  8 hobgoblins
  6 jackals
  2 quokkas
  3 frilled lizards
  3 kobolds
  A quokka skeleton (D:4)
  2 rats (D:1)
88 creatures vanquished.

Table legend:
 A = Non-vault XP
 B = Vault XP
 C = Vault XP percentage of total XP
 D = Non-vault monster count
 E = Vault monster count
 F = Vault count percentage of total count
                 A         B        C        D         E       F
            +---------+---------+-------+---------+---------+-------
      Total |     907 |     105 |  10.4 |      65 |      23 |  26.1
            +---------+---------+-------+---------+---------+-------
        D:1 |      20 |       0 |   0.0 |      12 |       0 |   0.0
        D:2 |      24 |      37 |  60.7 |      11 |       1 |   8.3
        D:3 |      83 |      38 |  31.4 |      22 |      13 |  37.1
        D:4 |     563 |      30 |   5.1 |      16 |       9 |  36.0
        D:5 |     217 |       0 |   0.0 |       4 |       0 |   0.0
            +---------+---------+-------+---------+---------+-------

Illustrated notes

Table legend:
 A = Kills in this place as a percentage of kills in entire the game.
 B = Kills by you in this place as a percentage of kills by you in the entire game.
 C = Kills by friends in this place as a percentage of kills by friends in the entire game.
 D = Other kills in this place as a percentage of other kills in the entire game.
 E = Experience gained in this place as a percentage of experience gained in the entire game.
 F = Experience gained in this place divided by the number of levels of this place that you have seen.
                   A       B       C       D       E      F
               +-------+-------+-------+-------+-------+----------------------
         Total | 100.0 | 100.0 |   N/A |   N/A | 100.0 | 202.4
       Dungeon | 100.0 | 100.0 |   N/A |   N/A | 100.0 | 202.4
               +-------+-------+-------+-------+-------+----------------------

Table legend: (Time is in decaauts)
 A = Elapsed time spent in this place.
 B = Non-inter-level travel time spent in this place.
 C = Inter-level travel time spent in this place.
 D = Time resting spent in this place.
 E = Time spent auto-exploring this place.
 F = Levels seen in this place.
 G = Mean time per level.
                   A        B        C        D        E       F      G
               +--------+--------+--------+--------+--------+-----+--------+
         Total |   5728 |   5342 |    386 |    974 |   3521 |   5 | 1145.6 |
       Dungeon |   5728 |   5342 |    386 |    974 |   3521 |   5 | 1145.6 |
               +--------+--------+--------+--------+--------+-----+--------+

Top non-repeatable levels by time:
     D:4: 1812 daAuts
     D:2: 1308 daAuts
     D:3: 1207 daAuts
     D:1: 1020 daAuts
     D:5: 380 daAuts
